 Dungeon Sprint DCSS version 0.29-a0-322-g68df515428 (webtiles) character file.

Game seed: 15516121242803595855

25824 mhtbhm the Phalangite (level 12, -6/208 HPs)
             Began as a Minotaur Berserker on Apr 9, 2022.
             Was a High Priest of Trog.
             Mangled by Tiamat
             ... wielding a +2 bardiche of protection
              (24 damage)
             ... in the Dungeon (Sprint I: "Red Sonja").
             The game lasted 00:13:11 (5403 turns).

mhtbhm the Phalangite (Minotaur Berserker)          Turns: 5403, Time: 00:13:11

Health: -6/208     AC: 26    Str: 26    XL:     12   Next: 92%
Magic:  11/11      EV: 10    Int:  4    God:    Trog [*****.]
Gold:   4055       SH:  5    Dex: 11    Spells: 11/11 levels left

rFire   + + +      SeeInvis .   a - +11 glaive of Patoit Ucy {vorpal, Fly rF+}
rCold   + . .      Faith    .   (shield currently unavailable)
rNeg    . . .      Spirit   .   b - +0 gold dragon scales
rPois   +          Reflect  +   (helmet restricted)
rElec   .          Harm     .   G - +2 cloak
rCorr   .          Rampage  .   (no gloves)
Will    ++...      NoTele   +   n - +0 pair of boots
Stlth   ..........              E - amulet of reflection
HPRegen 1.44/turn               q - ring of protection from fire
MPRegen 0.12/turn               r - ring of poison resistance

@: berserking (expiring), strong-willed (expiring), flying, regenerating
(expiring), very quick
A: horns 2, retaliatory headbutt
a: Renounce Religion, Berserk, Trog's Hand, Brothers in Arms


You were in the Dungeon.
You worshipped Trog.
Trog was extremely pleased with you.
You visited 1 branch You collected 6829 gold pieces.
You spent 2774 gold pieces at shops.

Inventory:

Hand Weapons
 a - the +11 glaive of Patoit Ucy (weapon) {vorpal, Fly rF+}
   (Trog gifted it to you in the Dungeon)

   It inflicts extra damage upon your enemies.
   rF:        It protects you from fire.
   Fly:       It grants you flight.
 F - a +5 eudemon blade of holy wrath
Missiles
 j - 9 curare-tipped darts (quivered)
Armour
 b - +0 gold dragon scales (worn)
 n - a +0 pair of boots (worn)
 G - a +2 cloak (worn)
 I - a +0 ring mail of fire resistance
Jewellery
 l - a ring of ice
 p - the amulet "Qergha Ibets" {RegenMP rPois rF- rCorr Stlth+}
   (You found it in the Dungeon)

   [amulet of magic regeneration]

   It increases your rate of magic regeneration.
   rF:        It makes you vulnerable to fire.
   rPois:     It protects you from poison.
   rCorr:     It protects you from acid and corrosion.
   Stlth:     It makes you more stealthy.
 q - a ring of protection from fire (left hand)
 r - a ring of poison resistance (right hand)
 u - an amulet of the acrobat
 v - a ring of protection from cold
 E - an amulet of reflection (around neck)
 J - the ring of Ziykup {rN+ Will+}
   (You found it in the Dungeon)

   [ring of positive energy]

   rN:        It protects you from negative energy.
   Will:      It increases your willpower.
Wands
 d - a wand of iceblast (7)
 i - a wand of mindburst (22)
 H - a wand of acid (8)
Scrolls
 h - a scroll of blinking
 k - 2 scrolls of fog
 s - a scroll of silence
 w - 2 scrolls of fear
 x - 3 scrolls of enchant weapon
 y - a scroll of summoning
 z - a scroll of torment
Potions
 c - 11 potions of curing
 e - 4 potions of haste
 f - 3 potions of magic
 g - 3 potions of berserk rage
 m - 2 potions of flight
 o - 2 potions of invisibility
 t - a potion of resistance
 B - a potion of mutation
Miscellaneous
 K - a condenser vane (inert)
 L - a lightning rod (4/4)


   Skills:
 + Level 22.3 Fighting
 + Level 23.7 Polearms
 + Level 0.6 Throwing
 + Level 17.0 Armour
 + Level 13.5 Dodging
 + Level 7.0 Stealth
 + Level 0.4 Shields
 + Level 3.3 Evocations


You had 11 spell levels left.
You didn't know any spells.
Your spell library was empty.

Dungeon Overview and Level Annotations

Branches:
Dungeon (1/1)

Altars:
Cheibriados
Dithmenos
Elyvilon
Fedhas
Gozag
Hepliaklqana
Kikubaaqudgha
Makhleb
Nemelex Xobeh
Okawaru
Qazlal
Ru
Sif Muna
Trog
Uskayaw
Vehumet
Wu Jian
Xom
Yredelemnul
Zin
The Shining One
Jiyva
Lugonu

Shops:
D ?=(*(=!*[!*((=*[((

Annotations:
D Tiamat


Innate Abilities, Weirdness & Mutations

You have a pair of horns on your head.
You reflexively headbutt those who attack you in melee.


Message History

Press: ? - help, Dir - move target, f/p - Tiamat
Aim: Tiamat, wielding a +2 bardiche of protection and wearing the +4 dragonskin cloak (moderately wounded, about 22% to evade the +11 glaive of Patoit Ucy)
You reach to attack!
You barely miss Tiamat.
Tiamat is moderately wounded.
Unknown command.
Reach: a) +11 glaive of Patoit Ucy {vorpal, Fly rF+}
Press: ? - help, Dir - move target, f/p - Tiamat
Aim: Tiamat, wielding a +2 bardiche of protection and wearing the +4 dragonskin cloak (moderately wounded, about 22% to evade the +11 glaive of Patoit Ucy)
You reach to attack!
You slash Tiamat!
Tiamat is heavily wounded.
Tiamat hits you from afar with a +2 bardiche of protection!
Reach: a) +11 glaive of Patoit Ucy {vorpal, Fly rF+}
Press: ? - help, Dir - move target, f/p - Tiamat
Aim: Tiamat, wielding a +2 bardiche of protection and wearing the +4 dragonskin cloak (heavily wounded, about 22% to evade the +11 glaive of Patoit Ucy)
You reach to attack!
You hit Tiamat.
Tiamat is heavily wounded.
You feel the effects of Trog's Hand fading.
Tiamat hits you with a +2 bardiche of protection!!
* * * LOW HITPOINT WARNING * * *
Tiamat tail-slaps you!!
* * * LOW HITPOINT WARNING * * *
You closely miss Tiamat.
Tiamat is heavily wounded.
You barely miss Tiamat. You headbutt Tiamat!
Tiamat is heavily wounded.
Tiamat breathes dispelling energy at you.
The bolt of dispelling energy hits you!
* * * LOW HITPOINT WARNING * * *
You hit Tiamat. You headbutt Tiamat.
Tiamat is heavily wounded.
Unknown command.
You slice Tiamat!! Your headbutt misses Tiamat.
Tiamat is heavily wounded.
Tiamat hits you but does no damage. You block Tiamat's attack.
You hit Tiamat but do no damage. You headbutt Tiamat, but do no damage.
Tiamat is heavily wounded.
You slash Tiamat!
Tiamat is heavily wounded.
Tiamat hits you with a +2 bardiche of protection!!
You die...

#'#.#.......§'§####.........#.#.'
....#'''######.#[.'......####'#.#
..(.#...§§§..#.#####...###....#.#
#####....§§.#'.#().#####)..#### #
..........§≈####)......).### #
[.[.......≈§##)......##### ###
#.......≈≈≈###.(....## #..
###..≈≈≈≈### #.....## #..
##'######'####..@..# #..
∩∩########∩∩####d### . #..
#∩∩∩∩∩∩∩∩∩∩###≈°§≈≈≈≈≈. .^^###
############ ###§###### ...'°:
#..0..+ #:| ####### ###


You could see Tiamat (catching breath).

Vanquished Creatures
  the Lernaean hydra (D)
  A golden dragon (D)
  A deep elf master archer (D)
  A shadow dragon (D)
  A daeva (D)
  4 fire giants (D)
  A lorocyproca (D)
  A deep elf annihilator (D)
  A mummy priest (D)
  A hydra (D)
  2 centaur warriors (D)
  Sonja (D)
  A deep troll (D)
  A lindwurm (D)
  2 oklob plants (D)
  2 merfolk sirens (D)
  2 gargoyles (D)
  7 unseen horrors (D)
  4 demonic crawlers (D)
  2 kobold demonologists (D)
  A hellwing (D)
  A meliai (D)
  A slime creature (D)
  5 hornets (D)
  Sigmund (D)
  13 hogs (D)
  A yak (D)
  2 redbacks (D)
  3 floating eyes (D)
  An ogre (D)
  7 necrophages (D)
  8 jellies (D)
  Ijyb (D)
82 creatures vanquished.

Vanquished Creatures (others)
  2 ballistomycete spores (D)
2 creatures vanquished.

Grand Total: 84 creatures vanquished

Notes
Turn   | Place    | Note
-------+----------+-------------------------------------------
     0 | D        | mhtbhm the Minotaur Berserker began the quest for the Orb.
     0 | D        | Reached XP level 1. HP: 19/19 MP: 0/0
     1 | D        | Noticed Ijyb
    12 | D        | Killed Ijyb
    13 | D        | Reached skill level 5 in Fighting
    13 | D        | Reached skill level 5 in Polearms
    13 | D        | Reached XP level 2. HP: 30/30 MP: 1/1
    67 | D        | Noticed an ogre
    71 | D        | Killed an ogre
    72 | D        | Reached skill level 7 in Polearms
    72 | D        | Reached XP level 3. HP: 40/40 MP: 2/2
    72 | D        | Reached XP level 4. HP: 48/48 MP: 3/3
   148 | D        | Noticed Sigmund
   165 | D        | Killed Sigmund
   165 | D        | Reached ** piety under Trog
   166 | D        | Reached skill level 10 in Fighting
   166 | D        | Reached skill level 10 in Polearms
   166 | D        | Reached skill level 5 in Armour
   166 | D        | Reached XP level 5. HP: 38/58 MP: 4/4
   166 | D        | Reached XP level 6. HP: 44/66 MP: 5/5
   285 | D        | Found an ornate altar of the Wu Jian Council.
   285 | D        | Found a shimmering blue altar of Sif Muna.
   287 | D        | Found a radiant altar of Vehumet.
   293 | D        | Reached skill level 5 in Dodging
   304 | D        | Found Fail's Jewellery Emporium.
   304 | D        | Found an ancient bone altar of Kikubaaqudgha.
   304 | D        | Found a hazy altar of Hepliaklqana.
   304 | D        | Found a stormy altar of Qazlal.
   304 | D        | Found a hide-covered altar of Uskayaw.
   304 | D        | Found a blossoming altar of Fedhas.
   304 | D        | Found a bloodstained altar of Trog.
   304 | D        | Found an iron altar of Okawaru.
   304 | D        | Found a basalt altar of Yredelemnul.
   304 | D        | Found a glowing golden altar of the Shining One.
   304 | D        | Found a snail-covered altar of Cheibriados.
   304 | D        | Found a sacrificial altar of Ru.
   304 | D        | Found a glowing silver altar of Zin.
   304 | D        | Found a shadowy altar of Dithmenos.
   304 | D        | Found a white marble altar of Elyvilon.
   304 | D        | Noticed a yak
   317 | D        | Killed a yak
   318 | D        | Reached skill level 11 in Polearms
   318 | D        | Found an opulent altar of Gozag.
   319 | D        | Found a sparkling altar of Nemelex Xobeh.
   456 | D        | Found a burning altar of Makhleb.
   456 | D        | Found a viscous altar of Jiyva.
   456 | D        | Found a shimmering altar of Xom.
   456 | D        | Found a corrupted altar of Lugonu.
   456 | D        | Noticed a slime creature
   469 | D        | Killed a slime creature
   469 | D        | Reached *** piety under Trog
   470 | D        | Reached skill level 12 in Polearms
   470 | D        | Reached XP level 7. HP: 35/77 MP: 6/6
   704 | D        | Noticed a kobold demonologist
   704 | D        | Noticed a kobold demonologist
   705 | D        | Noticed a rust devil
   705 | D        | Paralysed by a floating eye for 3 turns
   715 | D        | Killed a kobold demonologist
   716 | D        | Reached skill level 13 in Polearms
   716 | D        | Reached XP level 8. HP: 86/86 MP: 7/7
   722 | D        | Killed a kobold demonologist
   722 | D        | Reached **** piety under Trog
   723 | D        | Reached skill level 1 in Stealth
   773 | D        | Noticed Sonja
   777 | D        | Killed Sonja
   778 | D        | Reached skill level 14 in Polearms
   778 | D        | Reached skill level 10 in Armour
   874 | D        | Found Maqob's Magic Scroll Boutique.
  1091 | D        | Noticed a deep troll
  1107 | D        | Killed a deep troll
  1108 | D        | Reached skill level 15 in Fighting
  1108 | D        | Reached skill level 15 in Polearms
  1108 | D        | Reached skill level 1 in Evocations
  1108 | D        | Reached XP level 9. HP: 54/97 MP: 8/8
  1129 | D        | Found Moogy's Armour Emporium.
  1272 | D        | Noticed a centaur warrior
  1273 | D        | Noticed a centaur warrior
  1281 | D        | Killed a centaur warrior
  1288 | D        | Killed a centaur warrior
  1288 | D        | Reached ***** piety under Trog
  1289 | D        | Reached skill level 16 in Polearms
  1357 | D        | Noticed an oklob plant
  1376 | D        | Killed an oklob plant
  1377 | D        | Reached XP level 10. HP: 88/108 MP: 9/9
  1403 | D        | Reached skill level 17 in Polearms
  1681 | D        | Received a gift from Trog
  1737 | D        | Reached ****** piety under Trog
  1740 | D        | Received a gift from Trog
  1840 | D        | Identified the amulet "Qergha Ibets" {RegenMP rPois rF-
                  | rCorr Stlth+}
  1857 | D        | Found Ylumesoe's Assorted Antiques.
  1857 | D        | Found Enof's Weapon Shop.
  1857 | D        | Found Jaecs's Weapon Boutique.
  1859 | D        | Found Emaetwighu's Jewellery Emporium.
  1859 | D        | Found Bazxorch's Distillery.
  1859 | D        | Found Miami's Assorted Antiques.
  1859 | D        | Found Usozott's Armour Boutique.
  1859 | D        | Found Utunlac's Distillery.
  1859 | D        | Found Korhuwir's General Store.
  1859 | D        | Found Esucuis's Antique Weapon Shoppe.
  1861 | D        | Bought 4 curare-tipped darts for 24 gold pieces
  1863 | D        | Found Aqax's Antique Weapon Boutique.
  1864 | D        | Found Hizeilelo's General Store.
  1864 | D        | Found Cethocol's Jewellery Boutique.
  1865 | D        | Found Reyrog's Weapon Emporium.
  1893 | D        | Bought a potion of haste for 140 gold pieces
  1894 | D        | Bought a ring of protection from fire for 325 gold pieces
  1968 | D        | Received a gift from Trog
  1969 | D        | Reached skill level 10 in Dodging
  1972 | D        | Noticed a gargoyle
  1990 | D        | Killed a gargoyle
  1991 | D        | Reached skill level 18 in Polearms
  2064 | D        | Noticed a lindwurm
  2069 | D        | Killed a lindwurm
  2182 | D        | Reached XP level 11. HP: 119/119 MP: 10/10
  2189 | D        | Reached skill level 5 in Stealth
  2191 | D        | Received a gift from Trog
  2207 | D        | Received a gift from Trog
  2241 | D        | Noticed a 12-headed hydra
  2244 | D        | Killed a ten-headed hydra
  2245 | D        | Reached skill level 19 in Polearms
  2334 | D        | Noticed a shadow dragon
  2334 | D        | Noticed a golden dragon
  2353 | D        | Killed a golden dragon
  2354 | D        | Reached skill level 20 in Polearms
  2355 | D        | Killed a shadow dragon
  2445 | D        | Found Kuimiock's Antique Weapon Shoppe.
  2522 | D        | Killed a lorocyproca
  2522 | D        | Received a gift from Trog
  3190 | D        | Bought a scroll of enchant weapon for 75 gold pieces
  3190 | D        | Bought a scroll of fog for 20 gold pieces
  3190 | D        | Bought a scroll of enchant weapon for 75 gold pieces
  3192 | D        | Bought a scroll of summoning for 95 gold pieces
  3192 | D        | Bought a scroll of identify for 20 gold pieces
  3247 | D        | Bought a potion of haste for 310 gold pieces
  3247 | D        | Bought a scroll labelled RIGUUTIOCE for 31 gold pieces
  3247 | D        | Bought a puce potion for 27 gold pieces
  3250 | D        | Bought a potion of invisibility for 112 gold pieces
  3250 | D        | Bought a potion of curing for 42 gold pieces
  3250 | D        | Bought a potion of invisibility for 112 gold pieces
  3250 | D        | Bought a potion of curing for 42 gold pieces
  3251 | D        | Bought a scroll labelled DOOJUTADUX for 29 gold pieces
  3251 | D        | Bought a brass wand for 116 gold pieces
  3251 | D        | Bought a scroll of fear for 101 gold pieces
  3253 | D        | Bought a potion of curing for 30 gold pieces
  3253 | D        | Bought a potion of haste for 100 gold pieces
  3253 | D        | Bought a potion of curing for 30 gold pieces
  3253 | D        | Bought a potion of curing for 30 gold pieces
  3253 | D        | Bought a potion of mutation for 80 gold pieces
  3253 | D        | Bought 2 potions of berserk rage for 100 gold pieces
  3254 | D        | Bought a scroll of identify for 28 gold pieces
  3254 | D        | Bought a potion of heal wounds for 70 gold pieces
  3254 | D        | Bought a potion of curing for 42 gold pieces
  3259 | D        | Bought a scroll of identify for 22 gold pieces
  3259 | D        | Bought a scroll of identify for 22 gold pieces
  3259 | D        | Bought a scroll of enchant weapon for 82 gold pieces
  3259 | D        | Bought a scroll of identify for 22 gold pieces
  3267 | D        | Bought an amulet of reflection for 420 gold pieces
  3390 | D        | Noticed a daeva
  3723 | D        | Killed a daeva
  3723 | D        | Received a gift from Trog
  3724 | D        | Reached skill level 21 in Polearms
  3724 | D        | Reached XP level 12. HP: 62/134 MP: 11/11
  3771 | D        | Identified the +10 trident of Vodka {spect, Will+ Str+2}
  4122 | D        | Noticed a fire giant
  4123 | D        | Noticed a fire giant
  4124 | D        | Noticed a fire giant
  4125 | D        | Noticed a fire giant
  4128 | D        | Killed a fire giant
  4136 | D        | Killed a fire giant
  4141 | D        | Killed a fire giant
  4141 | D        | Identified the +11 glaive of Patoit Ucy {vorpal, Fly rF+}
                  | (Trog gifted it to you in the Dungeon)
  4141 | D        | Received a gift from Trog
  4142 | D        | Reached skill level 22 in Polearms
  4142 | D        | Reached skill level 15 in Armour
  4144 | D        | Killed a fire giant
  4202 | D        | Found the +4 dragonskin cloak
  4202 | D        | Noticed Tiamat
  4328 | D        | Noticed a deep elf annihilator
  4350 | D        | Received a gift from Trog
  4414 | D        | Killed a deep elf annihilator
  4423 | D        | Noticed a mummy priest
  4429 | D        | Killed a mummy priest
  4432 | D        | Reached skill level 23 in Polearms
  4497 | D        | Received a gift from Trog
  4575 | D        | Noticed the 27-headed Lernaean hydra
  4587 | D        | Killed the 27-headed Lernaean hydra
  4614 | D        | Identified the ring of Ziykup {rN+ Will+}
  4948 | D        | Noticed a deep elf master archer
  4955 | D        | Killed a deep elf master archer
  5403 | D        | Mangled by Tiamat

Illustrated notes

Levels and vault maps discovered:
D:        dungeon_sprint_1 [red_sonja_temple_1, red_sonja_temple_small_1]

Skill      XL: |  1  2  3  4  5  6  7  8  9 10 11 12 |
---------------+-------------------------------------+-----
Fighting       | 5 7 10 12 13 15 16 18 20 22 | 22.3
Polearms       | 5 7 10 12 13 15 16 18 21 23 | 23.7
Armour         | 3 4 5 7 8 10 12 13 14 17 | 17.0
Dodging        | 3 4 6 7 8 10 12 13 | 13.5
Stealth        | 1 2 4 6 7 |  7.0
Evocations     | 1 2 3 |  3.3
Throwing       | |  0.6
Shields        | |  0.4

Action                   |  1- 3 |  4- 6 |  7- 9 | 10-12 || total
-------------------------+-------+-------+-------+-------++-------
Melee: Spear             |    11 |    41 |    69 |   114 ||   235
       Headbutt          |     1 |    10 |    19 |    44 ||    74
       Punch             |       |     1 |     1 |       ||     2
       Glaive            |       |       |       |   111 ||   111
       Bardiche          |       |       |       |    35 ||    35
Throw: Dart              |       |       |     1 |       ||     1
Invok: Berserk           |     2 |     1 |     2 |    10 ||    15
       Brothers in Arms  |       |       |       |     4 ||     4
       Trog's Hand       |       |       |       |     1 ||     1
Evoke: Wand              |       |       |     3 |     4 ||     7
       Condenser vane    |       |       |       |     1 ||     1
  Use: Potion            |     1 |       |       |     5 ||     6
       Scroll            |       |       |       |     8 ||     8
 Stab: Sleeping          |       |       |       |     5 ||     5
       Invisible         |       |       |       |     2 ||     2
Armor: Animal skin       |     1 |       |       |       ||     1
       Ring mail         |       |     1 |     5 |       ||     6
       Troll leather arm |       |       |    11 |    25 ||    36
       Gold dragon scale |       |       |       |    76 ||    76
Dodge: Dodged            |     2 |     9 |    21 |    91 ||   123
Block: Other             |       |       |       |     6 ||     6
       Reflection        |       |       |       |     3 ||     3

Table legend: (Time is in decaauts)
 A = Elapsed time spent in this place.
 B = Non-inter-level travel time spent in this place.
 C = Inter-level travel time spent in this place.
 D = Time resting spent in this place.
 E = Time spent auto-exploring this place.
 F = Levels seen in this place.
 G = Mean time per level.
                   A        B        C        D        E       F      G
               +--------+--------+--------+--------+--------+-----+--------+
         Total |   5365 |   5365 |      0 |   3212 |      1 |   1 | 5365.0 |
       Dungeon |   5365 |   5365 |      0 |   3212 |      1 |   1 | 5365.0 |
               +--------+--------+--------+--------+--------+-----+--------+

Top non-repeatable levels by time:
       D: 5365 daAuts
